 Dungeon Crawl Stone Soup version 0.23.2-40-g277498a001 (webtiles) character file.

Game seed: 8649441997047099450

665 MalarOregon the Frost Mage (level 7, -6/46 HPs)
             Began as a Merfolk Ice Elementalist on Aug 22, 2019.
             Was an Initiate of Gozag.
             Mangled by an orc priest
             ... wielding a +0 short sword
              (7 damage)
             ... on level 5 of the Dungeon.
             The game lasted 00:09:11 (5220 turns).

MalarOregon the Frost Mage (MfIE)                   Turns: 5220, Time: 00:09:12

Health: -6/46      AC:  2    Str:  9    XL:     7   Next: 57%
Magic:  8/13       EV: 13    Int: 20    God:    Gozag
Gold:   313        SH:  0    Dex: 14    Spells: 4/14 levels left

rFire    . . .     SeeInvis .   j - +1 dagger (venom)
rCold    . . .     Gourm    .   (no shield)
rNeg     . . .     Faith    .   a - +0 robe
rPois    .         Spirit   .   (no helmet)
rElec    .         Reflect  .   (no cloak)
rCorr    .         Harm     .   (no gloves)
MR       .....                  (no boots)
Stlth    ++........             (no amulet)
HPRegen  0.15/turn              r - +4 ring of intelligence
MPRegen  0.13/turn              (no ring)

@: gold aura
A: change form in water, swift swim, stealthy swim
a: Potion Petition, Call Merchant, Bribe Branch, Renounce Religion


You were on level 5 of the Dungeon.
You worshipped Gozag.
Gozag was aware of your devotion.
You were not hungry.

You visited 2 branches of the dungeon, and saw 6 of its levels.

You collected 375 gold pieces.
You paid 62 gold pieces to Gozag.

Inventory:

Hand Weapons
 d - a +0 whip of freezing
   (You found it on level 1 of the Dungeon)
 j - a +1 dagger of venom (weapon)
   (You took it off a kobold on level 1 of the Dungeon)
 t - a +0 spear
   (You found it on level 4 of the Dungeon)
Armour
 a - a +0 robe (worn)
Jewellery
 l - a +2 amulet of reflection {unknown}
   (You found it on level 2 of the Dungeon)
 m - an uncursed amulet of harm {unknown}
   (You found it on level 2 of the Dungeon)
 r - a +4 ring of intelligence (left hand)
   (You found it on level 4 of the Dungeon)
Wands
 x - a wand of acid (10)
   (You found it on level 3 of the Dungeon)
Scrolls
 b - 2 scrolls of teleportation {unknown}
 c - a scroll of fog {unknown}
 f - 3 scrolls of amnesia {unknown}
 i - 2 scrolls of enchant weapon {unknown}
 n - 3 scrolls of remove curse {unknown}
 o - 6 scrolls of identify {unknown}
 q - a scroll of blinking {unknown}
 u - a scroll of magic mapping {unknown}
Potions
 g - a potion of might {unknown}
 h - 2 potions of curing {@q1}
 k - a potion of heal wounds {unknown}
 p - 2 potions of degeneration {unknown}
 s - a potion of flight {unknown}
Comestibles
 e - 8 rations {!d}


   Skills:
 - Level 2.6 Dodging
 - Level 2.1 Stealth
 - Level 4.0 Spellcasting
 - Level 0.7 Conjurations
 + Level 8.4 Ice Magic


You had 4 spell levels left.
You knew the following spells:

 Your Spells              Type           Power        Failure   Level  Hunger
a - Freeze                Ice            ####         1%          1    None
b - Ozocubu's Armour      Chrm/Ice       ###.....     7%          3    ###....
c - Throw Icicle          Conj/Ice       ###.....     21%         4    ####...
x - Throw Frost           Conj/Ice       ###...       3%          2    #......

Your spell library contained the following spells:

 Spells                   Type           Power        Failure   Level  Hunger
 Summon Ice Beast         Ice/Summ       ###.....     22%         4    ####...


Dungeon Overview and Level Annotations

Branches:
Dungeon (5/15)             Temple (1/1) D:4

Altars:
Cheibriados
Dithmenos
Fedhas
Gozag
Hepliaklqana
Makhleb
Okawaru
Ru
Sif Muna
Trog
Uskayaw
Vehumet
Wu Jian
Xom
Yredelemnul
Zin
The Shining One


Message History

You closely miss the orc.
The orc priest looks encouraged for a moment.
The orc hits you.
You barely miss the orc.
The orc priest begins to cast a cantrip, but forgets the words!
The orc hits you.
You hit the orc.
The orc looks as sick as possible!
You kill the orc!
The orc priest becomes distracted by the nearby gold, dreaming of imaginary riches.
You see here 5 gold pieces.
The orc priest shouts!
You hit the orc priest.
The orc priest is poisoned.
The orc priest is no longer distracted by gold.
The orc priest misses you.
The orc priest invokes the aid of Beogh against you.
Beogh smites you!
* * * LOW HITPOINT WARNING * * *
You are too injured to fight recklessly!
You are too injured to fight recklessly!
You are too injured to fight recklessly!
Aim: an orc priest, wielding a +0 hand axe (lightly wounded, poisoned)
You freeze the orc priest.
The orc priest invokes the aid of Beogh against you.
Beogh smites you!
* * * LOW HITPOINT WARNING * * *
The orc priest hits you with a +0 hand axe.
* * * LOW HITPOINT WARNING * * *
Aim: an orc priest, wielding a +0 hand axe (heavily wounded, poisoned)
You freeze the orc priest.
Aim: an orc priest, wielding a +0 hand axe (severely wounded, poisoned)
You freeze the orc priest.
The orc priest becomes distracted by the nearby gold, dreaming of imaginary riches.
The orc priest calls upon Beogh to heal the orc priest.
The orc priest shouts!
The orc priest is healed somewhat.
Aim: an orc priest, wielding a +0 hand axe (severely wounded, poisoned)
You freeze the orc priest!
You kill the orc priest!
Aim: an orc priest, wielding a +0 short sword You freeze the orc priest!
The orc priest hits you with a +0 short sword.
* * * LOW HITPOINT WARNING * * *
You barely miss the orc priest.
The orc priest hits you with a +0 short sword.
* * * LOW HITPOINT WARNING * * *
Aim: an orc priest, wielding a +0 short sword (heavily wounded)
You freeze the orc priest.
The orc priest hits you with a +0 short sword!
You die...
Your body crumbles into a pile of gold.

#.# ####.#####
#........#
#.##.###.## #
#......# #####..#
#..######.#
#.######..........
#...>o@..#########
##########


You could see an orc priest.

Vanquished Creatures
  3 ogres (D:4)
  A hound (D:4)
  4 orc priests
  An orc wizard (D:4)
  2 worker ants (D:4)
  A hound skeleton (D:4)
  8 adders
  An ooze (D:1)
  2 adder skeletons (D:4)
  A worm (D:3)
  2 dart slugs
  A leopard gecko (D:2)
  10 orcs
  2 giant cockroaches
  5 hobgoblins
  6 jackals
  2 quokkas
  5 bats
  3 frilled lizards
  13 goblins
  A jackal skeleton (D:4)
  11 kobolds
  A leopard gecko skeleton (D:2)
  A quokka skeleton (D:4)
  4 rats
91 creatures vanquished.

Vanquished Creatures (others)
  A bat (D:3)
1 creature vanquished.

Grand Total: 92 creatures vanquished

Notes
Turn   | Place    | Note
-------+----------+-------------------------------------------
     0 | D:1      | MalarOregon the Merfolk Ice Elementalist began the quest
                  | for the Orb.
     0 | D:1      | Reached XP level 1. HP: 13/13 MP: 3/3
   165 | D:1      | Reached XP level 2. HP: 19/19 MP: 1/5
   338 | D:1      | Learned a level 2 spell: Throw Frost
   760 | D:1      | Reached XP level 3. HP: 18/24 MP: 4/7
  1149 | D:2      | Found an iron altar of Okawaru.
  1493 | D:2      | Reached XP level 4. HP: 25/30 MP: 5/9
  1503 | D:2      | Learned a level 3 spell: Ozocubu's Armour
  1508 | D:2      | Learned a level 4 spell: Throw Icicle
  1599 | D:2      | Found a bloodstained altar of Trog.
  2140 | D:3      | Found a snail-covered altar of Cheibriados.
  2291 | D:3      | Reached skill level 4 in Ice Magic
  2500 | D:3      | Found a glowing golden altar of the Shining One.
  2502 | D:3      | Found a radiant altar of Vehumet.
  2513 | D:3      | Reached XP level 5. HP: 26/35 MP: 4/11
  3149 | D:3      | Reached skill level 5 in Ice Magic
  3708 | D:4      | Found a staircase to the Ecumenical Temple.
  3726 | Temple   | Entered the Ecumenical Temple
  3748 | Temple   | Became a worshipper of Gozag Ym Sagoz the Greedy
  3826 | D:4      | Noticed an ogre
  3845 | D:4      | Killed an ogre
  3845 | D:4      | Reached skill level 6 in Ice Magic
  3845 | D:4      | Reached XP level 6. HP: 41/41 MP: 12/12
  4437 | D:4      | Reached skill level 7 in Ice Magic
  4460 | D:4      | Reached XP level 7. HP: 40/46 MP: 6/13
  4466 | D:4      | Found a glowing silver altar of Zin.
  4467 | D:4      | Found a basalt altar of Yredelemnul.
  4648 | D:4      | Reached skill level 8 in Ice Magic
  5139 | D:5      | Entered Level 5 of the Dungeon
  5143 | D:5      | Found a sacrificial altar of Ru.
  5219 | D:5      | HP: 1/46 [orc priest/+0 short sword (5)]
  5220 | D:5      | Mangled by an orc priest

Skill      XL: |  1  2  3  4  5  6  7 |
---------------+----------------------+-----
Spellcasting   | 3 4 |  4.0
Ice Magic      | 4 6 7 8 |  8.4
Dodging        | |  2.6
Stealth        | |  2.1
Conjurations   | |  0.7

Action                   |  1- 3 |  4- 6 |  7- 9 || total
-------------------------+-------+-------+-------++-------
Melee: Whip              |    10 |       |       ||    10
       Dagger            |    31 |   106 |    51 ||   188
 Cast: Freeze            |    38 |    43 |    11 ||    92
 Stab: Sleeping          |     2 |     6 |       ||     8
  Eat: Chunk             |     2 |     7 |       ||     9
       Ration            |       |     1 |     1 ||     2
Armor: Robe              |     6 |    13 |     4 ||    23
Dodge: Dodged            |    47 |    90 |    38 ||   175
